 Dungeon Crawl Stone Soup version 0.22-b1-59-g0aedee7 (webtiles) character file.

2342 Gorglomux the Covered (level 9, -2/82 HPs)
             Began as a Deep Dwarf Fighter on Aug 9, 2018.
             Was a Follower of Makhleb.
             Slain by a killer bee (8 damage)
             ... on level 7 of the Dungeon.
             The game lasted 00:04:23 (5110 turns).

Gorglomux the Covered (Deep Dwarf Fighter)          Turns: 5110, Time: 00:04:24

Health: -2/82      AC: 11    Str: 23    XL:     9   Next: 20%
Magic:  7/7        EV:  8    Int: 12    God:    Makhleb [*.....]
Gold:   78         SH: 13    Dex: 12    Spells: 8/8 levels left

rFire    . . .     SeeInvis .   a - +0 war axe
rCold    + . .     Gourm    .   T - +0 shield
rNeg     . . .     Faith    .   b - +0 scale mail
rPois    .         Spirit   .   H - +0 helmet {Int+3}
rElec    .         Reflect  +   j - +0 cloak
rCorr    .         Harm     .   O - +0 pair of gloves
MR       +....                  (no boots)
Stlth    ..........             J - +2 amulet of reflection
HPRegen  0.00/turn              c - ring of protection from cold
MPRegen  0.10/turn              l - ring of flight

@: lethally poisoned (-2 -> -2), non-regenerating
A: damage resistance, heal wounds, sense surroundings 2, no regeneration
a: Heal Wounds, Renounce Religion, Evoke Flight


You were on level 7 of the Dungeon.
You worshipped Makhleb.
Makhleb was aware of your devotion.
You were not hungry.

You visited 1 branch of the dungeon, and saw 8 of its levels.

You collected 333 gold pieces.
You spent 255 gold pieces at shops.

Inventory:

Hand Weapons
 a - a +0 war axe (weapon)
Armour
 b - a +0 scale mail (worn)
 i - +0 ice dragon scales
 j - a +0 cloak (worn)
 H - a +0 helmet of intelligence (worn)
 O - a +0 pair of gloves (worn)
 T - a +0 shield (worn)
Jewellery
 c - a ring of protection from cold (left hand)
 l - a ring of flight (right hand)
 J - a +2 amulet of reflection (around neck)
Wands
 D - a wand of digging (5)
Scrolls
 k - 7 scrolls of identify
 n - 5 scrolls of enchant weapon {unknown}
 o - 2 scrolls of random uselessness {unknown}
 L - a scroll of amnesia {unknown}
 M - a scroll of fear {unknown}
 W - 3 scrolls of remove curse {unknown}
 X - 2 scrolls of immolation {unknown}
 Y - 2 scrolls of teleportation {unknown}
 Z - 2 scrolls of fog {unknown}
Potions
 d - 2 potions of might
 g - 3 potions of brilliance
 m - a potion of lignification {unknown}
 K - a potion of haste
 N - a potion of resistance {unknown}
 P - a potion of heal wounds {unknown}
 Q - 2 potions of curing
 R - a potion of magic {unknown}
 S - a potion of berserk rage {unknown}
 U - a potion of agility
 V - a potion of cancellation
Comestibles
 f - 4 rations
 I - 5 chunks of flesh


   Skills:
 + Level 6.0 Fighting
 + Level 6.7 Axes
 + Level 7.2 Armour
 + Level 7.2 Shields
 + Level 4.9 Invocations


You had 8 spell levels left.
You didn't know any spells.
Your spell library was empty.

Dungeon Overview and Level Annotations

Branches:
Dungeon (8/15)             Temple (0/1) D:5
   Lair: D:8-11

Altars:
Ashenzari
Cheibriados
Dithmenos
Elyvilon
Fedhas
Gozag
Kikubaaqudgha
Makhleb
Nemelex Xobeh
Qazlal
Ru
Uskayaw
Vehumet
Xom
The Shining One

Shops:
D:6 *   D:7 [

Annotations:
D:4 3 runed doors, adept's ghost, amateur GrFi


Innate Abilities, Weirdness & Mutations

You are resistant to damage.
You can heal yourself by infusing magical energy.
You passively map the area around you.
You do not regenerate.


Message History

The killer bee butts lightly wounded!
You block the killer bee's attack!
The killer bee stings you but does butt damage!
The killer bee closely misses you!
The killer bee stings you!!! * * * don'butt die
* * * You are too injured to fight recklessly!!!
You barely miss the killer bee!
The killer bee is lightly wounded!
The killer bee stings you!!! * * * don't die
* * * Butt are more poisoned!
The killer bee butts you!!!
The killer bee stings you but does no damage!
The killer bee stings you! * * * don't die
* * * You are more poisoned!
The killer bee poisons you!!!
You fail to butt your butt!
The killer bee butt-ly misses you! The killer bee stings you!!! rip

##.....##.####.#####.#
##...##...........#..
##.##.....##.###.#.# #
#########.###...###.# #.#.# #
#.........# ##.## #.###.#.# #
#.######### #..# #........ # #.#
#.#.# #######.# #######.#####
##.##'## #.. ............#
##@##...## ###
###.###.###.###y##.....## ### #
#.# #......Sy##.......## ##.##
###.###.#...#y##.........####...#
...............'.........+.......
..#.###.#...#.##.........####.>.#
............#.###.......## ##...
##..###.###.#.# ##.....## ##.#
###..##.......# ##...## #.#


You could see 3 killer bees and an adder.

Vanquished Creatures
  Grinder (D:5)
  A hungry ghost (D:7)
  Duvessa (D:6)
  An ice beast (D:7)
  2 sky beasts
  5 ogres
  A centaur (D:7)
  A big kobold (D:7)
  2 bullfrogs
  4 scorpions
  Dowan (D:6)
  2 jellies (D:6)
  3 hounds
  5 orc wizards
  2 orc priests
  Ijyb (D:5)
  Terence (D:3)
  An iguana (D:7)
  4 worker ants
  A hound skeleton (D:7)
  2 worker ant zombies
  Robin (D:4)
  4 adders
  An ooze (D:1)
  An adder zombie (D:5)
  An adder skeleton (D:5)
  4 worms
  2 dart slugs (D:1)
  6 leopard geckos
  17 orcs
  2 giant cockroaches
  13 goblins
  11 hobgoblins
  3 jackals (D:7)
  3 quokkas
  A ball python (D:1)
  2 bats (D:1)
  3 frilled lizards
  A jackal skeleton (D:8)
  12 kobolds
  8 rats
138 creatures vanquished.

Notes
Turn   | Place    | Note
-------+----------+-------------------------------------------
     0 | D:1      | Gorglomux the Deep Dwarf Fighter began the quest for the Orb.
     0 | D:1      | Reached XP level 1. HP: 20/20 MP: 1/1
    89 | D:1      | Reached XP level 2. HP: 25/27 MP: 2/2
   305 | D:1      | Reached skill level 3 in Fighting
   324 | D:1      | Reached XP level 3. HP: 21/34 MP: 3/3
   805 | D:3      | Found a radiant altar of Vehumet.
   847 | D:3      | Found a sacrificial altar of Ru.
   946 | D:2      | Found a shimmering altar of Xom.
  1022 | D:2      | Found a glowing golden altar of the Shining One.
  1504 | D:3      | Reached skill level 3 in Axes
  1535 | D:3      | Found an opulent altar of Gozag.
  1644 | D:3      | Noticed Terence
  1658 | D:3      | Killed Terence
  1658 | D:3      | Reached XP level 4. HP: 23/42 MP: 4/4
  1909 | D:4      | Reached XP level 5. HP: 26/49 MP: 5/5
  1926 | D:4      | Found a runed gate.
  1926 | D:4      | Found a runed gate.
  1926 | D:4      | Found a runed gate.
  1970 | D:4      | Reached XP level 6. HP: 31/57 MP: 6/6
  2070 | D:4      | Noticed Robin
  2091 | D:4      | Killed Robin
  2142 | D:4      | Reached XP level 7. HP: 14/64 MP: 7/7
  2266 | D:4      | Noticed adept's ghost (amateur GrFi)
  2374 | D:4      | Found a stormy altar of Qazlal.
  2542 | D:5      | Entered Level 5 of the Dungeon
  2608 | D:5      | Found a sparkling altar of Nemelex Xobeh.
  2703 | D:5      | Found a burning altar of Makhleb.
  2713 | D:5      | Became a worshipper of Makhleb the Destroyer
  2733 | D:5      | Noticed Ijyb
  2750 | D:5      | Killed Ijyb
  2853 | D:5      | Found a staircase to the Ecumenical Temple.
  2919 | D:5      | Reached skill level 6 in Armour
  2919 | D:5      | Reached skill level 1 in Invocations
  3190 | D:5      | Reached skill level 6 in Shields
  3198 | D:5      | Reached XP level 8. HP: 27/73 MP: 8/8
  3216 | D:5      | Noticed Grinder
  3234 | D:5      | Killed Grinder
  3239 | D:5      | Found an ancient bone altar of Kikubaaqudgha.
  3511 | D:6      | Noticed Dowan
  3513 | D:6      | Noticed Duvessa
  3522 | D:6      | Killed Dowan
  3551 | D:6      | Killed Duvessa
  3551 | D:6      | Reached skill level 3 in Invocations
  3577 | D:6      | Found Miallax's General Store.
  3582 | D:6      | Bought a potion of curing for 45 gold pieces
  3582 | D:6      | Bought a scroll of identify for 30 gold pieces
  3638 | D:6      | Reached skill level 6 in Axes
  3893 | D:6      | Found a hide-covered altar of Uskayaw.
  4047 | D:6      | Found a shattered altar of Ashenzari.
  4163 | D:7      | Found a stormy altar of Qazlal.
  4165 | D:7      | Found a blossoming altar of Fedhas.
  4223 | D:7      | Reached * piety under Makhleb
  4525 | D:7      | Found a snail-covered altar of Cheibriados.
  4525 | D:7      | Found a shadowy altar of Dithmenos.
  4526 | D:7      | Found a white marble altar of Elyvilon.
  4542 | D:7      | Gained mutation: You passively map the area around you. [Deep Dwarf growth]
  4542 | D:7      | Reached XP level 9. HP: 49/82 MP: 8/8
  4646 | D:7      | Found Mimanumn's Antique Armour Emporium.
  4649 | D:7      | Bought a runed helmet for 180 gold pieces
  4914 | D:7      | Reached skill level 6 in Fighting
  5085 | D:8      | Noticed a queen bee
  5100 | D:7      | HP: 3/82 [poisoned by a killer bee]
  5110 | D:7      | Slain by a killer bee

Skill      XL: |  1  2  3  4  5  6  7  8  9 |
---------------+----------------------------+-----
Fighting       | 3 4 5 6 |  6.0
Axes           | 3 4 5 6 |  6.7
Armour         | 4 5 6 7 |  7.2
Shields        | 4 5 6 7 |  7.2
Invocations    | 1 4 |  4.9

Action                   |  1- 3 |  4- 6 |  7- 9 || total
-------------------------+-------+-------+-------++-------
Melee: War axe           |   124 |    69 |   345 ||   538
 Abil: Heal Wounds       |     1 |     4 |    12 ||    17
Evoke: Wand              |       |       |     1 ||     1
  Use: Potion            |       |     1 |     4 ||     5
  Eat: Chunk             |     3 |     1 |    13 ||    17
       Ration            |       |       |     2 ||     2
Armor: Scale mail        |    61 |    55 |   143 ||   259
Dodge: Dodged            |    42 |    19 |   103 ||   164
Block: Shield            |    61 |    65 |   227 ||   353
       Reflection        |       |       |     7 ||     7
